 Dungeon Crawl Stone Soup version 0.24.0-125-gc4c63601f3 (webtiles) character file.

Game seed: 16258493165536579864, levelgen mode: deterministic

93 Pronetron the Ruffian (level 4, 0/37 HPs)
             Began as a Ghoul Gladiator on Mar 14, 2020.
             Slain by an adder (2 damage)
             ... on level 4 of the Dungeon.
             The game lasted 00:10:23 (1623 turns).

Pronetron the Ruffian (Ghoul Gladiator)             Turns: 1623, Time: 00:10:23

Health: 0/37       AC:  4    Str: 17    XL:     4   Next: 62%
Magic:  3/3        EV: 12    Int:  3    God:
Gold:   43         SH:  3    Dex: 11    Spells: 3/3 levels left

rFire    . . .     SeeInvis .     - Unarmed
rCold    + . .     Gourm    .   i - +0 buckler (curse)
rNeg     + + +     Faith    .   a - +0 leather armour
rPois    ∞         Spirit   .   b - +0 helmet
rElec    .         Reflect  .   (no cloak)
rCorr    .         Harm     .   (no gloves)
MR       .....                  (no boots)
Stlth    +.........             (no amulet)
HPRegen  0.00/turn              (no ring)
MPRegen  0.08/turn              (no ring)

@: rotting
A: rotting body, claws 1, carnivore, cold resistance 1, negative energy
resistance 3, inhibited regeneration, torment resistance, unbreathing
a: no special abilities


You were on level 4 of the Dungeon.
You were not hungry.

You visited 1 branch of the dungeon, and saw 4 of its levels.

You collected 43 gold pieces.

Inventory:

Hand Weapons
 n - a +0 falchion
Missiles
 c - 3 throwing nets (quivered)
Armour
 a - a +0 leather armour (worn)
 b - a +0 helmet (worn)
 i - a cursed +0 buckler (worn)
 p - a +0 scale mail
Jewellery
 f - a cursed ring of attention {unknown}
 h - an uncursed amulet of the acrobat {unknown}
Scrolls
 k - 3 scrolls of magic mapping {unknown}
 l - 2 scrolls of identify {unknown}
 m - a scroll of teleportation {unknown}
 o - a scroll of enchant weapon {unknown}
Potions
 e - a potion of curing {unknown}
 g - 2 potions of degeneration {unknown}
 j - a potion of lignification {unknown}
 r - a potion of cancellation {unknown}
Comestibles
 d - 6 rations
 q - 3 chunks of flesh


   Skills:
 + Level 2.3 Fighting
 + Level 2.0 Throwing
 + Level 1.3 Armour
 + Level 3.5 Dodging
 + Level 4.3 Unarmed Combat


You had 3 spell levels left.
You didn't know any spells.
Your spell library was empty.

Dungeon Overview and Level Annotations

Branches:
Dungeon (4/15)
 Temple: D:4-7

Altars:
Dithmenos
Kikubaaqudgha

Annotations:
D:4 Robin


Innate Abilities, Weirdness & Mutations

Your body is rotting away.
You thrive on raw meat.
You are immune to poison.
You have sharp fingernails.
You are carnivorous and can eat meat at any time.
Your flesh is cold resistant. (rC+)
You are immune to negative energy. (rN+++)
You do not regenerate when monsters are visible.
You are immune to unholy pain and torment.
You can survive without breathing.


Message History

Robin roars a battlecry!
The goblins go into a battle-frenzy!
You closely miss the goblin. The hobgoblin hits you.
* * * LOW HITPOINT WARNING * * *
The goblin hits you but does no damage. x2
Robin says, "Duck!"
You block the goblin's attack.
You claw the goblin!
You kill the goblin!
The hobgoblin misses you. Robin throws the goblin at you!
The goblin barely misses you. The goblin hits you but does no damage.
The goblin closely misses you. The goblin hits you.
* * * LOW HITPOINT WARNING * * *
The hobgoblin hits you.
* * * LOW HITPOINT WARNING * * *
You block the goblin's attack. Robin throws the goblin at you!
* * * LOW HITPOINT WARNING * * *
The goblin closely misses you. The adder bites you.
You die...

# #. ..# .### #.# ...
#.# # #.#####.# #..
.####.g..(<.######...
.......@S....##....#
#######gg.......####
#.g.g).....)..###
#.g...?..$##....#
#.>....$...##.<#.#
#?........<###......
...................g.
..##.........#####....
### #.........# #.##


You could see Robin, an adder, a hobgoblin and 4 goblins.

Vanquished Creatures
  Ijyb (D:3)
  An adder (D:2)
  2 oozes (D:2)
  3 worms
  A dart slug (D:3)
  An orc (D:3)
  A ball python (D:2)
  A giant cockroach (D:3)
  8 goblins
  6 hobgoblins
  4 bats
  3 frilled lizards
  3 kobolds
  3 rats (D:3)
38 creatures vanquished.

Notes
Turn   | Place    | Note
-------+----------+-------------------------------------------
     0 | D:1      | Pronetron the Ghoul Gladiator began the quest for the Orb.
     0 | D:1      | Reached XP level 1. HP: 17/17 MP: 0/0
    65 | D:1      | You fall into a shaft and drop 1 floor!
   186 | D:2      | Reached XP level 2. HP: 17/22 MP: 1/1
   311 | D:2      | Reached XP level 3. HP: 21/28 MP: 2/2
   318 | D:2      | Reached skill level 4 in Unarmed Combat
   702 | D:2      | Found a shadowy altar of Dithmenos.
  1446 | D:3      | Found an ancient bone altar of Kikubaaqudgha.
  1446 | D:3      | Noticed Ijyb
  1454 | D:3      | Reached skill level 1 in Armour
  1454 | D:3      | Reached XP level 4. HP: 33/37 MP: 3/3
  1485 | D:3      | Killed Ijyb
  1596 | D:4      | Noticed Robin
  1623 | D:4      | Slain by an adder

Levels and vault maps discovered:
D:1:      lemuel_arrival_cross, layout_basic, minmay_close_crescents
D:2:      layout_basic, lemuel_round_altar
D:3:      layout_basic, lemuel_round_altar, uniq_ijyb
D:4:      layout_rooms, serial_shops, shop_fountains, uniq_robin

Skill      XL: |  1  2  3 |
---------------+----------+-----
Dodging        | 3 |  3.5
Unarmed Combat | 4 |  4.3
Throwing       | 2 |  2.0
Armour         | 1 |  1.3
Fighting       | |  2.3

Action                   |  1- 3 |  4- 6 || total
-------------------------+-------+-------++-------
Melee: Unarmed           |   102 |    41 ||   143
  Use: Scroll            |     1 |       ||     1
  Eat: Chunk             |     3 |       ||     3
       Ration            |     1 |       ||     1
Armor: Leather armour    |    42 |    15 ||    57
Dodge: Dodged            |    99 |    35 ||   134
Block: Buckler           |     3 |     8 ||    11
